 Dungeon Crawl Stone Soup version 0.24.0-13-gcf9b3192b9 (webtiles) character file.

Game seed: 11751242097755840549, levelgen mode: deterministic

12464 Iamsoldier the Spear-Bearer (level 11, 0/104 HPs)
             Began as a Minotaur Berserker on Nov 5, 2019.
             Was a High Priest of Trog.
             Hit by a large rock thrown by a cyclops (31 damage)
             ... on level 12 of the Dungeon.
             The game lasted 00:37:53 (14068 turns).

Iamsoldier the Spear-Bearer (Minotaur Berserker)   Turns: 14068, Time: 00:37:53

Health: 0/104      AC: 11    Str: 24    XL:     11   Next: 62%
Magic:  3/3        EV: 12    Int:  4    God:    Trog [*****.]
Gold:   651        SH:  0    Dex: 11    Spells: 10/10 levels left

rFire    + . .     SeeInvis +   I - +4 bardiche (antimagic)
rCold    + . .     Gourm    .   (shield currently unavailable)
rNeg     . . .     Faith    .   F - +2 scale mail {rF+}
rPois    .         Spirit   .   (helmet restricted)
rElec    .         Reflect  .   G - scarf {repulsion}
rCorr    .         Harm     .   (no gloves)
MR       .....                  (no boots)
Stlth    ..........             H - amulet of regeneration
HPRegen  0.67/turn              y - ring of see invisible
MPRegen  0.08/turn              x - ring of protection from cold

@: repel missiles
A: retaliatory headbutt, horns 2
a: Berserk, Trog's Hand, Brothers in Arms, Renounce Religion


You were on level 12 of the Dungeon.
You worshipped Trog.
Trog was extremely pleased with you.
You were not hungry.

You visited 1 branch of the dungeon, and saw 13 of its levels.

You collected 651 gold pieces.

Inventory:

Hand Weapons
 I - a +4 antimagic bardiche (weapon)
Missiles
 t - 22 boomerangs (quivered)
Armour
 F - a +2 scale mail of fire resistance (worn)
 G - a scarf of repulsion (worn)
Jewellery
 b - an uncursed ring of positive energy
 x - a ring of protection from cold (right hand)
 y - a ring of see invisible (left hand)
 A - a +3 amulet of reflection
 H - an amulet of regeneration (around neck)
Wands
 g - a wand of disintegration (15)
 p - a wand of digging (4)
 s - a wand of paralysis (6)
 C - a wand of flame (12)
 D - a wand of acid (8)
 E - a wand of random effects (14)
Scrolls
 d - 3 scrolls of remove curse
 f - a scroll of immolation {unknown}
 j - 2 scrolls of enchant weapon {unknown}
 l - 5 scrolls of teleportation {unknown}
 m - a scroll of fear {unknown}
 B - a scroll of enchant armour {unknown}
Potions
 i - 2 potions of haste {unknown}
 k - 2 potions of mutation {unknown}
 n - a potion of flight {unknown}
 o - 6 potions of heal wounds
 q - a potion of lignification {unknown}
 r - 2 potions of resistance {unknown}
 u - 6 potions of curing {unknown}
 v - a potion of ambrosia {unknown}
 w - a potion of brilliance {unknown}
 z - a potion of cancellation {unknown}
Miscellaneous
 a - a box of beasts
Comestibles
 c - 15 rations


   Skills:
 * Level 12.2 Fighting
 + Level 13.7 Polearms
 + Level 0.9 Throwing
 * Level 12.1 Armour
 * Level 4.5 Dodging
 - Level 0.2 Stealth


You had 10 spell levels left.
You didn't know any spells.
Your spell library was empty.

Dungeon Overview and Level Annotations

Branches:
Dungeon (13/15)            Temple (0/1) D:5            Lair (0/6) D:11
    Orc (0/2) D:10
 Vaults: D:13-14

Altars:
Dithmenos
Fedhas
Okawaru
Sif Muna
Trog
Uskayaw
Wu Jian
Zin

Shops:
D:5 !   D:6 ?   D:8 [   D:11 *

Annotations:
D:7 Prince Ribbit


Innate Abilities, Weirdness & Mutations

You reflexively headbutt those who attack you in melee.
You have a pair of horns on your head.


Message History

The slime creature is almost dead.
You hear a shout!
You hear an angry buzzing noise.
The slime creature hits you! x2
You slice the slime creature!!
You kill the slime creature!
Trog accepts your kill.
A hornet comes into view.
A cyclops comes into view.
The slime creature barely misses you.
The cyclops throws a large rock.
The large rock is repelled.
The slime creature hits you!
A centaur warrior zombie comes into view.
An adder comes into view.
The adder hisses angrily.
The cyclops throws a large rock.
The large rock hits you!!
* * * LOW HITPOINT WARNING * * *
You see here a large rock.
The cyclops throws a large rock.
The large rock closely misses you. The adder barely misses you.
The cyclops throws a large rock.
The large rock hits you!!
You die...

. ..................... .
......C...<.......... . ...
..................... . ....
#........^.......... . ....
#....Z.............. .
....######..........y........
.
.............................
.
...............S@.J(.(.......
...................(.........
........##...########........
####....##...# #........
#.>..##...# #........
#....##...# #........
#....##...# #........
#....##...# #........
#....##....


You could see a slime creature, a cyclops, a hornet, an adder and a centaur
warrior zombie.

Vanquished Creatures
  Josephine (D:13)
  An unseen horror (D:13)
  A necromancer (D:13)
  A komodo dragon (D:10)
  2 trolls
  2 slime creatures
  3 hippogriffs
  A spriggan (D:8)
  10 humans (D:13)
  3 wraiths (D:13)
  A water elemental (D:11)
  3 yaks (D:10)
  A basilisk (D:11)
  A hungry ghost (D:10)
  Menkaure (D:7)
  3 water moccasins
  A swamp drake (D:10)
  3 sky beasts (D:9)
  A black bear (D:13)
  3 orc warriors
  An ice beast (D:7)
  2 phantoms
  7 ogres
  The ghost of TheWoodenMan the Ruffian, an amateur DrTm (D:3)
  5 centaurs
  A crocodile (D:9)
  2 big kobolds (D:10)
  A gnoll sergeant (D:8)
  10 bullfrogs
  2 scorpions
  A killer bee (D:9)
  10 wights
  5 electric eels
  2 bullfrog zombies
  A howler monkey (D:9)
  7 crimson imps
  3 hounds
  3 centaur zombies
  8 orc priests
  4 jellies
  2 gnoll shamans
  3 bullfrog skeletons
  An iguana (D:8)
  10 orc wizards
  7 worker ants
  A hound zombie (D:10)
  A hound skeleton (D:6)
  A worker ant zombie (D:10)
  Robin (D:2)
  17 gnolls
  8 adders
  4 shadow imps
  An adder skeleton (D:8)
  2 worms
  4 dart slugs
  6 leopard geckos
  57 orcs
  7 bats
  7 giant cockroaches
  14 goblins
  10 hobgoblins
  6 jackals
  3 quokkas
  2 ball pythons
  3 frilled lizards
  A jackal skeleton (D:3)
  20 kobolds
  A quokka skeleton (D:8)
  7 rats
326 creatures vanquished.

Notes
Turn   | Place    | Note
-------+----------+-------------------------------------------
     0 | D:1      | Iamsoldier the Minotaur Berserker began the quest for the
                  | Orb.
     0 | D:1      | Reached XP level 1. HP: 19/19 MP: 0/0
   301 | D:1      | Reached XP level 2. HP: 17/27 MP: 1/1
   650 | D:1      | Reached skill level 4 in Polearms
   933 | D:2      | Reached ** piety under Trog
   939 | D:2      | Noticed an ogre
   951 | D:2      | Reached XP level 3. HP: 33/33 MP: 2/2
   955 | D:2      | Killed an ogre
   955 | D:2      | Reached skill level 5 in Polearms
   955 | D:2      | Reached XP level 4. HP: 41/41 MP: 3/3
  1041 | D:2      | Reached skill level 5 in Fighting
  1150 | D:2      | Reached XP level 5. HP: 48/48 MP: 4/4
  1248 | D:2      | Noticed Robin
  1262 | D:2      | Killed Robin
  2170 | D:3      | Found a runed translucent gate.
  2170 | D:3      | Found a runed translucent gate.
  2171 | D:3      | Found a runed translucent gate.
  2171 | D:3      | Noticed TheWoodenMan's ghost (amateur DrTm)
  2187 | D:3      | Reached skill level 6 in Polearms
  2199 | D:3      | Killed TheWoodenMan's ghost
  2199 | D:3      | Reached *** piety under Trog
  2199 | D:3      | Reached XP level 6. HP: 56/56 MP: 5/5
  2308 | D:3      | Found a bloodstained altar of Trog.
  2308 | D:3      | Found a shimmering blue altar of Sif Muna.
  2309 | D:3      | Found an ornate altar of the Wu Jian Council.
  2337 | D:3      | Found an iron altar of Okawaru.
  2720 | D:4      | Reached skill level 7 in Polearms
  2836 | D:4      | Reached XP level 7. HP: 62/62 MP: 6/6
  2887 | D:4      | Reached skill level 8 in Polearms
  3370 | D:4      | Identified the +5 robe of Daisies {Dex+5} (You found it on
                  | level 4 of the Dungeon)
  3510 | D:5      | Entered Level 5 of the Dungeon
  3855 | D:5      | Found Wuxzoe Wyni's Distillery.
  3966 | D:5      | Found a staircase to the Ecumenical Temple.
  4173 | D:5      | Reached skill level 9 in Polearms
  4225 | D:6      | Found a shadowy altar of Dithmenos.
  4298 | D:6      | Found a glowing silver altar of Zin.
  4359 | D:6      | Reached XP level 8. HP: 71/71 MP: 7/7
  4829 | D:6      | Reached skill level 5 in Armour
  5096 | D:6      | Found Leot's Magic Scroll Emporium.
  5272 | D:7      | Noticed Menkaure
  5278 | D:7      | Killed Menkaure
  5278 | D:7      | Reached skill level 10 in Polearms
  5509 | D:7      | Reached **** piety under Trog
  5722 | D:7      | Noticed Prince Ribbit
  6053 | D:8      | Found Saxitil's Antique Armour Emporium.
  6147 | D:8      | Reached XP level 9. HP: 61/81 MP: 8/8
  6155 | D:8      | Found a hide-covered altar of Uskayaw.
  7309 | D:8      | Found a blossoming altar of Fedhas.
  7573 | D:9      | Reached skill level 11 in Polearms
  7665 | D:9      | Reached ***** piety under Trog
  8481 | D:9      | Reached skill level 10 in Armour
  8547 | D:9      | Reached XP level 10. HP: 87/92 MP: 9/9
  9232 | D:10     | Entered Level 10 of the Dungeon
  9277 | D:10     | Reached skill level 10 in Fighting
 10539 | D:10     | Received a gift from Trog
 10547 | D:10     | Reached skill level 12 in Polearms
 10598 | D:10     | Found a staircase to the Orcish Mines.
 11853 | D:11     | Found Nacsacwo's General Store.
 12197 | D:11     | Found a staircase to the Lair.
 12467 | D:11     | You fall into a shaft and drop 1 floor!
 12469 | D:12     | Noticed a six-headed hydra
 12481 | D:12     | Noticed an eight-headed hydra
 12482 | D:12     | Noticed a gargoyle
 12522 | D:13     | Reached XP level 11. HP: 40/102 MP: 3/10
 13046 | D:13     | Noticed an unseen horror
 13051 | D:13     | Killed an unseen horror
 13130 | D:13     | Reached skill level 13 in Polearms
 13150 | D:13     | Noticed a necromancer
 13170 | D:13     | Killed a necromancer
 13809 | D:12     | Noticed Josephine
 13822 | D:13     | Killed Josephine
 14068 | D:12     | Hit by a large rock thrown by a cyclops

Levels and vault maps discovered:
D:1:      minmay_arrival_nine_rooms, layout_rooms
D:2:      layout_basic, first_ration, minmay_nonomino_d4, uniq_robin
D:3:      layout_loops_ring, nicolae_overflow_quartered_altars,
          ebering_ghost_rock_garden
D:4:      layout_gridville, corexii_corridor_pit
D:5:      layout_cave_pools, minmay_temple_entry_large_hall, serial_shops,
          shop_statue
D:6:      layout_basic, lemuel_coloured_pillars_altar,
          nicolae_dithmenos_through_a_glass_darkly, serial_shops,
          kennysheep_little_box, kennysheep_generic_room_12
D:7:      layout_loops_cross, uniq_prince_ribbit1, uniq_menkaure
D:8:      layout_basic, marbit_many_paths, kennysheep_mini_moat, serial_shops,
          nicolae_shop_overgrown_old_shop, the_bakery, moated_statue
D:9:      layout_loops_corners, nicolae_lava_and_water,
          minmay_increasing_density
D:10:     layout_basic, erik_orc_1
D:11:     layout_basic, lair_entry_dummy, serial_shops, shop_statue
D:12:     layout_small_grid, serial_shops, nicolae_shop_behind_doors,
          uniq_josephine
D:13:     layout_loops_ring, grunt_vaults_entry_tiered, serial_shops, shop,
          minmay_crystal_water

Skill      XL: |  1  2  3  4  5  6  7  8  9 10 11 |
---------------+----------------------------------+-----
Polearms       | 4 5 6 7 9 10 11 12 13 | 13.7
Fighting       | 4 5 6 7 9 11 12 | 12.2
Armour         | 3 4 7 10 11 12 | 12.1
Dodging        | 3 4 |  4.5
Throwing       | |  0.9
Stealth        | |  0.2

Action                   |  1- 3 |  4- 6 |  7- 9 | 10-12 || total
-------------------------+-------+-------+-------+-------++-------
Melee: Spear             |    63 |   187 |   501 |   155 ||   906
       Headbutt          |     8 |    30 |    87 |    69 ||   194
       Halberd           |       |       |       |    65 ||    65
       Bardiche          |       |       |       |   147 ||   147
Throw: Boomerang         |       |       |       |    11 ||    11
Invok: Berserk           |     1 |     5 |     7 |    13 ||    26
       Trog's Hand       |       |       |     1 |     1 ||     2
  Use: Scroll            |       |       |     4 |     4 ||     8
       Potion            |       |       |       |     1 ||     1
 Stab: Confused          |       |       |       |     2 ||     2
  Eat: Chunk             |       |     9 |     4 |     7 ||    20
       Ration            |       |     1 |     6 |     7 ||    14
Armor: Animal skin       |     2 |       |       |       ||     2
       Chain mail        |    12 |    66 |   116 |       ||   194
       Scale mail        |       |       |     4 |   108 ||   112
Dodge: Dodged            |    25 |    70 |   109 |   184 ||   388
       Deflected         |       |       |       |    15 ||    15
Block: Other             |       |       |    27 |    15 ||    42
       Reflection        |       |       |     3 |     3 ||     6
